Map: El Dorado

Players

CAPITÁN - Winner!

  • Race: Terran Terran
  • League: Gold
  • Spawn Location: 5:00

GangusKaun

  • Race: Protoss Protoss
  • League: Gold
  • Spawn Location: 7:00

VOD

Have the link to the VOD?

Description

Time

  • Played on: Dec. 4, 2024, 8:02 a.m.
  • Length: 31:38
Show
View Real Time Build Order
Export as new Build Order

CAPITÁN Terran - Winner!

Build Orders:  

Get SALT Encoding   

  12  0:00  SCV  
  13  0:15  Supply Depot  
  13  0:18  SCV  
  14  0:25  Refinery  
  14  0:30  SCV  
  15  0:43  Barracks  
  15  0:47  SCV  
  16  0:59  SCV  
  17  1:04  Supply Depot  
  17  1:11  SCV  
  18  1:23  SCV  
  19  1:37  Barracks Tech Lab  
  19  1:38  Orbital Command  
  19  1:45  Refinery  
  19  1:53  Factory  
  19  1:55  Marine  
  20  2:04  SCV  
  21  2:27  Command Center  
  21  2:30  Marine  
  22  2:38  Factory Tech Lab  
  22  2:41  SCV  
  22  2:44  Stimpack  
  23  2:53  Marine  
  23  2:56  SCV  
  23  2:58  Siege Tank  
  28  3:10  Starport  
  28  3:15  SCV  
  29  3:27  SCV  
  30  3:34  Marine  
  30  3:39  SCV, Siege Tank  
  30  3:40  Supply Depot  
  35  3:46  Engineering Bay  
  35  3:48  Starport Reactor  
  35  3:54  Orbital Command  
  35  3:58  SCV  
  36  4:03  Marine  
  37  4:10  SCV  
  37  4:13  Widow Mine  
  40  4:20  SCV  
  40  4:21  Refinery  
  40  4:22  SCV, Marine  
  43  4:26  Medivac  
  43  4:30  Combat Shield  
  45  4:33  SCV  
  45  4:35  SCV  
  46  4:50  SCV x2  
  48  5:02  SCV x2  
  48  5:04  Supply Depot  
  50  5:14  SCV  
  50  5:18  Command Center  
  51  5:27  Supply Depot  
  51  5:30  Sensor Tower  
  51  5:42  Supply Depot  
  51  5:43  Missile Turret  
  51  5:44  SCV x2  
  53  5:56  Starport  
  53  6:01  Factory Tech Lab  
  53  6:04  Factory  
  46  6:29  Marine  
  46  6:30  Siege Tank  
  49  6:35  Raven  
  51  6:47  Marine  
  50  7:02  Siege Tank  
  50  7:05  Marine  
  48  7:23  Marine  
  48  7:27  Orbital Command  
  48  7:28  SCV x2  
  51  7:40  SCV x2, Marine  
  51  7:42  Refinery  
  54  7:52  SCV x2  
  54  7:58  Engineering Bay  
  56  8:04  SCV  
  57  8:11  Starport Reactor  
  57  8:13  Factory Tech Lab  
  57  8:28  SCV, Missile Turret  
  58  8:35  SCV x2  
  58  8:36  Terran Infantry Weapons Level 1  
  58  8:37  Marine  
  58  8:40  Sensor Tower  
  61  8:42  Cyclone  
  61  8:47  Barracks  
  64  8:49  Command Center  
  64  8:55  Marine  
  65  8:56  Orbital Command  
  65  9:11  Siege Tank  
  65  9:13  Marine  
  65  9:15  Starport Tech Lab  
  69  9:18  Concussive Shells  
  69  9:19  Sensor Tower  
  69  9:20  Cyclone  
  69  9:22  SCV x2  
  74  9:31  Marine  
  75  9:32  Barracks  
  75  9:37  Marine, Factory  
  75  9:38  Marine  
  77  9:41  SCV x3  
  80  9:47  Command Center  
  80  9:48  Marine  
  81  9:53  SCV x2  
  81  9:58  Armory  
  83  10:02  Fusion Core  
  83  10:04  Armory  
  83  10:06  Marine  
  84  10:15  Mag-Field Accelerator  
  84  10:16  Liberator  
  87  10:22  Raven  
  87  10:25  Factory Tech Lab  
  89  10:28  Barracks Reactor  
  89  10:34  SCV x3  
  92  10:37  Orbital Command  
  92  10:46  SCV x2, Refinery  
  92  10:47  Refinery  
  94  10:56  SCV  
  95  10:58  SCV  
  95  10:59  Planetary Fortress  
  95  11:01  Missile Turret  
  95  11:04  Missile Turret  
  96  11:06  Thor  
  96  11:07  Marine  
  96  11:08  Marine x4  
  96  11:10  Medivac  
  109  11:25  Marine  
  109  11:26  SCV x2, Marine x4  
  109  11:29  SCV x2  
  118  11:32  Missile Turret  
  118  11:36  Command Center  
  118  11:38  SCV  
  118  11:39  SCV  
  114  11:43  Marine  
  114  11:44  Marine  
  110  11:55  Raven, Viking  
  110  11:56  Viking  
  116  12:07  Siege Tank  
  119  12:09  Marine, Siege Tank  
  123  12:23  Bunker  
  123  12:26  Command Center  
  123  12:45  Marine  
  123  12:56  Marine  
  123  13:22  Marine x3  
  123  13:25  Viking, Marine  
  95  14:00  Viking  
  95  14:01  Supply Depot  
  90  14:03  Supply Depot  
  90  14:04  Supply Depot x2  
  90  14:12  Command Center  
  90  14:22  Supply Depot x3  
  90  14:23  Viking, Siege Tank x2  
  98  14:25  Medivac, Siege Tank  
  98  14:28  Caduceus Reactor  
  103  14:31  Supply Depot  
  103  14:32  Terran Infantry Weapons Level 2  
  103  14:36  Terran Vehicle Weapons Level 1  
  103  14:37  Terran Vehicle And Ship Armor Level 1  
  103  14:40  Marine  
  103  14:41  Marine x4  
  108  14:52  Sensor Tower  
  108  14:53  Medivac  
  108  14:57  Siege Tank  
  108  14:58  Marine x2  
  108  14:59  Marine x3  
  118  15:08  Sensor Tower  
  118  15:16  Marine x2  
  118  15:17  Marine  
  121  15:22  Marine x2  
  121  15:24  Thor, Advanced Ballistics  
  121  15:25  Siege Tank  
  121  15:27  Medivac x3  
  138  15:29  Siege Tank  
  138  15:34  Marine  
  129  15:57  Siege Tank  
  129  16:01  Siege Tank  
  128  16:07  Siege Tank  
  128  16:10  Raven, Marine  
  134  16:11  Marine x4  
  138  16:28  Marine  
  138  16:29  Marine x4, Siege Tank  
  138  16:30  Terran Ship Weapons Level 1  
  138  16:31  Command Center  
  146  16:33  Siege Tank  
  146  16:39  Siege Tank  
  152  16:44  Raven  
  152  16:46  Marine  
  152  16:47  Marauder, Marine x2  
  154  16:48  Terran Infantry Armor Level 1  
  158  17:02  Missile Turret  
  155  17:09  Marauder  
  157  17:27  Refinery  
  157  17:28  Planetary Fortress  
  157  17:30  Marauder  
  159  17:43  Missile Turret, Planetary Fortress  
  159  17:50  Thor x3, Refinery  
  177  17:51  Terran Vehicle Weapons Level 2  
  123  18:54  Siege Tank  
  123  18:55  Liberator  
  105  18:56  Siege Tank, Liberator  
  105  18:59  Thor  
  84  19:21  Orbital Command  
  84  19:26  Siege Tank  
  84  19:27  SCV x4  
  91  19:39  SCV x4  
  91  19:41  Terran Vehicle And Ship Armor Level 2  
  91  19:43  Sensor Tower  
  95  19:51  SCV x2  
  97  19:54  Marine x2  
  97  19:55  Marine x3  
  102  20:12  Marine x5  
  107  20:18  Command Center x2  
  107  21:08  Sensor Tower  
  107  21:19  Sensor Tower  
  107  21:24  Siege Tank x2  
  107  21:25  Missile Turret  
  100  21:30  Refinery x2  
  100  21:31  Planetary Fortress x2  
  92  21:34  Missile Turret  
  92  21:36  Missile Turret  
  92  21:37  Missile Turret  
  88  21:40  Siege Tank  
  88  21:43  Marine  
  88  21:44  Marine  
  88  21:45  Marine x3  
  96  21:56  Siege Tank x2  
  96  21:57  Missile Turret  
  96  22:00  Marine  
  103  22:02  Marine  
  103  22:03  Marine x2, Missile Turret  
  103  22:05  SCV x2  
  103  22:06  SCV x3  
  111  22:12  Siege Tank  
  111  22:15  SCV  
  115  22:17  SCV x2  
  115  22:18  SCV x4  
  121  22:27  SCV  
  121  22:29  SCV  
  124  22:30  SCV x3, Raven, Liberator x2  
  124  22:31  Sensor Tower  
  124  22:36  Marine x3  
  137  22:45  Terran Vehicle Weapons Level 3  
  137  22:53  Marine  
  137  23:13  Supply Depot  
  137  23:16  Supply Depot  
  137  23:22  Supply Depot  
  137  23:24  Supply Depot  
  137  23:25  Supply Depot  
  137  23:26  Barracks, Supply Depot  
  137  23:27  Marine  
  137  23:28  Marine, Barracks  
  137  23:34  Thor  
  137  23:35  Raven  
  137  23:36  Siege Tank, Supply Depot  
  137  23:37  Viking, Marine x3  
  137  23:40  Viking  
  152  23:45  Marine  
  152  23:46  Marine  
  152  23:47  SCV x2  
  152  23:48  Starport  
  156  23:50  Starport  
  156  23:51  Siege Tank  
  156  23:55  Marine x3  
  140  24:03  Marine x2  
  140  24:07  Viking  
  140  24:08  Siege Tank  
  140  24:09  Viking  
  144  24:13  Marine x3  
  143  24:20  Marine  
  133  24:39  Raven  
  133  24:42  Siege Tank x3  
  133  24:45  Starport Reactor x2  
  144  24:47  Barracks Reactor  
  144  24:48  Barracks Reactor  
  144  24:56  Barracks x2  
  144  25:03  Marine x5  
  144  25:05  Viking  
  144  25:06  Viking  
  153  25:13  Raven  
  152  25:14  Siege Tank  
  152  25:20  Marine  
  152  25:21  Marine x4  
  137  25:35  Viking  
  139  25:38  Marine  
  139  25:39  Marine x4  
  144  25:44  Marine x6  
  150  25:56  Marine  
  150  25:57  Marine x4  
  151  26:02  Marine x5  
  142  26:14  SCV, Marine x5  
  142  26:17  Viking x7  
  162  26:19  Marine  
  162  26:20  Marine x3  
  162  26:21  Barracks Reactor, Barracks Tech Lab  
  165  26:32  Marine x5  
  167  26:37  Marine  
  167  26:38  Marine x3  
  174  26:46  Viking  
  176  26:47  Viking x3  
  176  26:49  Thor, Siege Tank  
  176  26:51  Marine  
  176  26:52  Marine x4  
  196  27:03  Marine x4  
  200  27:23  Sensor Tower  
  160  27:48  Marine  
  160  27:49  Marine x11  
  160  27:50  Liberator  
  160  27:51  Liberator x2  
  176  28:06  Marine x2  
  176  28:07  Marine x3  
  175  28:45  Smart Servos, Drilling Claws  
  175  29:16  Siege Tank  
  175  29:17  Siege Tank x2  
  183  29:49  Siege Tank x2  
  175  30:36  Missile Turret  
  172  30:58  Missile Turret  
  172  30:59  Viking x5  
  172  31:00  Marine x9  
Show
View Real Time Build Order
Export as new Build Order

GangusKaun Protoss 

Build Orders: Archon Immortal, Dark Templar Rush 

Get SALT Encoding   

  12  0:18  Probe, Pylon  
  13  0:30  Probe  
  14  0:36  Gateway  
  14  0:40  Probe, Assimilator  
  14  0:49  Probe  
  16  0:58  Probe  
  17  1:10  Probe  
  18  1:22  Probe  
  18  1:24  Cybernetics Core  
  19  1:35  Probe  
  20  1:47  Probe  
  21  1:56  Nexus  
  21  1:59  Probe  
  22  2:03  Pylon  
  22  2:09  Warp Gate  
  22  2:11  Adept  
  24  2:25  Shield Battery  
  24  2:29  Assimilator  
  24  2:41  Adept  
  26  2:56  Probe, Twilight Council  
  27  2:59  Pylon  
  27  3:10  Adept  
  29  3:15  Probe x2  
  31  3:26  Shield Battery  
  31  3:27  Probe  
  31  3:28  Probe  
  33  3:35  Robotics Facility  
  33  3:41  Dark Shrine  
  33  3:54  Gateway  
  33  3:59  Probe  
  33  4:01  Gateway  
  34  4:05  Probe  
  35  4:12  Probe  
  35  4:17  Assimilator  
  36  4:18  Probe  
  36  4:19  Pylon  
  37  4:24  Probe  
  37  4:30  Probe  
  37  4:43  Probe x2  
  35  4:50  Warp Prism  
  37  4:57  Dark Templar x3  
  43  5:11  Probe x2  
  45  5:20  Assimilator  
  39  5:45  Dark Templar x3  
  39  5:47  Forge  
  39  5:48  Shield Battery, Gateway  
  45  5:53  Shield Battery  
  45  5:58  Probe x2  
  45  6:00  Pylon  
  45  6:51  Probe x2  
  47  6:59  Dark Templar x4  
  55  7:03  Probe  
  55  7:04  Probe  
  47  7:16  Probe  
  47  7:19  Probe  
  47  7:20  Immortal  
  51  7:28  Probe  
  52  7:31  Probe  
  52  7:32  Gateway  
  52  7:35  Gateway  
  51  7:40  Probe  
  51  7:43  Probe  
  53  7:52  Probe  
  53  7:57  Pylon, Blink  
  53  7:58  Nexus  
  54  7:59  Immortal  
  54  8:00  Pylon  
  54  8:02  Pylon, Photon Cannon  
  58  8:05  Pylon  
  58  8:07  Photon Cannon  
  58  8:08  Photon Cannon  
  58  8:12  Robotics Bay  
  58  8:17  Robotics Facility  
  58  8:22  Shield Battery  
  58  8:23  Protoss Ground Weapons Level 1  
  58  8:24  Photon Cannon  
  58  8:32  Probe x2  
  60  8:39  Dark Templar x4  
  68  8:44  Probe x2  
  68  8:48  Forge  
  70  8:54  Photon Cannon  
  70  8:56  Probe, Extended Thermal Lance  
  71  9:09  Colossus, Gateway  
  77  9:19  Immortal  
  81  9:33  Assimilator  
  81  9:35  Assimilator  
  81  9:36  Probe x2  
  81  9:37  Shield Battery  
  83  9:41  Shield Battery  
  83  9:45  Shield Battery  
  83  9:47  Archon  
  83  9:48  Archon  
  83  9:55  Protoss Shields Level 1  
  83  9:59  Pylon, Immortal  
  87  10:22  Protoss Ground Armor Level 1  
  87  10:29  Colossus  
  93  10:37  Colossus  
  99  10:45  Shield Battery  
  99  10:47  Photon Cannon  
  99  10:48  Photon Cannon  
  99  10:58  Stalker  
  99  10:59  Stalker x6  
  113  11:05  Pylon  
  113  11:13  Pylon  
  113  11:22  Probe x2  
  115  11:27  Stalker x2  
  115  11:28  Zealot x3  
  117  11:57  Zealot  
  117  11:58  Zealot x4  
  117  11:59  Zealot  
  117  12:00  Zealot  
  131  12:10  Nexus  
  131  12:16  Pylon  
  131  12:18  Probe x2, Pylon  
  131  12:21  Protoss Ground Weapons Level 2  
  133  12:24  Protoss Shields Level 2  
  133  12:35  Immortal x2  
  141  12:40  Stalker x2  
  141  12:41  Stalker x2  
  133  13:07  Pylon  
  133  13:09  Pylon  
  133  13:10  Pylon  
  129  13:25  Immortal  
  83  13:56  Immortal x2  
  77  14:13  Stalker x2  
  77  14:14  Stalker x3  
  77  14:15  Stalker  
  89  14:26  Stargate  
  89  14:28  Stargate  
  89  14:30  Gateway  
  89  14:33  Immortal x2  
  89  14:37  Gateway  
  97  14:39  Probe  
  97  14:40  Probe  
  97  14:43  Dark Templar x6  
  97  14:44  Dark Templar, Protoss Shields Level 3, Protoss Ground Weapons Level 3  
  113  14:46  Probe  
  113  14:52  Probe  
  115  14:56  Archon x3  
  114  15:12  Immortal  
  114  15:13  Immortal  
  130  15:16  Void Ray  
  130  15:18  Void Ray  
  128  15:27  Pylon  
  128  15:32  Protoss Air Weapons Level 1  
  128  15:40  Pylon  
  128  15:49  Dark Templar x3  
  134  15:50  Dark Templar x3  
  134  15:51  Immortal  
  124  16:13  Nexus  
  124  16:17  Pylon  
  124  16:20  Pylon  
  124  16:22  Pylon  
  124  16:24  Assimilator  
  124  16:25  Void Ray  
  128  16:28  Dark Templar x3, Assimilator  
  128  16:29  Archon  
  128  16:30  Archon  
  133  16:58  Pylon  
  133  16:59  Probe x3  
  132  17:18  Void Ray x2  
  132  17:20  Stalker x2  
  132  17:21  Stalker x3  
  142  17:31  Protoss Ground Armor Level 2  
  142  17:42  Stalker x4  
  124  18:52  Immortal x2  
  104  18:58  Void Ray x2  
  80  19:21  Fleet Beacon  
  80  19:24  Stargate  
  80  19:31  Immortal x2  
  96  19:41  Void Ray x2  
  96  19:50  Charge  
  96  19:55  Stalker x5  
  106  20:02  Protoss Air Armor Level 1  
  106  20:18  Nexus  
  106  20:20  Pylon  
  106  20:27  Dark Templar x2  
  110  20:38  Templar Archives  
  106  20:52  Zealot x3  
  106  20:53  Flux Vanes  
  112  20:58  Archon  
  112  21:11  Zealot x2  
  114  21:13  Dark Templar x3  
  76  21:40  Tempest x2  
  76  21:41  Tempest  
  88  21:56  Assimilator  
  88  22:00  Assimilator  
  88  22:06  Probe  
  89  22:12  Zealot x3  
  89  22:13  Nexus  
  95  22:18  Probe  
  95  22:21  Immortal  
  100  22:29  Shield Battery  
  100  22:32  Shield Battery  
  100  22:35  Pylon  
  100  22:39  Assimilator  
  100  22:40  Assimilator  
  100  22:43  Pylon  
  100  22:47  High Templar  
  100  22:48  High Templar x3  
  108  23:03  Psionic Storm  
  108  23:10  Zealot x2  
  108  23:12  Zealot x3  
  118  23:23  Unknown  
  106  23:39  Tempest x2  
  112  23:42  Zealot x5  
  112  23:43  Zealot x3  
  118  23:58  Archon  
  118  23:59  Archon  
  90  24:11  Stalker x6  
  90  24:12  Stalker  
  100  24:24  Dark Templar x2  
  112  24:40  Zealot x4  
  112  24:41  Stalker  
  112  24:42  Stalker x2  
  112  24:43  Void Ray  
  112  24:44  Void Ray  
  126  24:49  Gateway  
  126  24:57  Immortal  
  130  25:06  Void Ray  
  94  25:32  Colossus  
  104  25:36  Stalker x3  
  104  25:37  Void Ray x2  
  102  25:50  Zealot x4  
  100  26:10  High Templar x3  
  100  26:11  High Templar x2  
  110  26:17  Nexus  
  110  26:26  Archon  
  110  26:27  Archon  
  118  26:39  Stalker x3  
  124  26:42  Mothership  
  124  26:50  Assimilator  
  124  27:07  Immortal x2  
  132  27:11  Pylon  
  132  27:14  High Templar x2  
  136  27:16  Zealot x2  
  136  27:18  Assimilator  
  78  27:52  Robotics Facility x2  
  78  27:58  Stargate  
  78  28:00  Stargate  
  78  28:01  Stargate  
  74  28:18  Zealot x2  
  74  28:19  Zealot x5  
  85  28:38  Pylon  
  85  28:42  Pylon  
  85  28:46  Gateway  
  84  28:48  Pylon  
  84  28:50  Gateway  
  84  28:54  Gateway  
  84  28:57  Pylon  
  84  28:58  Pylon  
  84  29:04  Immortal x2  
  104  29:12  Void Ray x3  
  104  29:19  High Templar x2  
  108  29:34  Pylon  
  108  29:35  Pylon  
  108  29:37  Pylon  
  120  29:57  Void Ray x3  
  111  30:00  Fleet Beacon  
  106  30:08  Immortal x2  
  69  31:17  Gateway  
  64  31:19  Gateway  
  64  31:22  Gateway  
  63  31:28  Gateway  
Tags
 
Composition
Archon Immortal
League
GoldGold
Matchup
PvT
Spawn Locations
Close Positions
Add a new tag
Caveats
  • Supply blocks, unpowered buildings, or Contaminate may cause inaccurate times.
  • Supply counts are checked every 10 seconds.